what a hectic match

Match 19329682
End
Construct Barracks
Selects Armored Battlegroup
Selects Fast Deploy
Selects Veteran Crews
1⁄4-ton 4x4 Truck
Riflemen Squad
Riflemen Squad
Construct Medical Station
Infantry Support Center
Engineer Squad
Construct Weapon Support Center
Bazooka Squad
Bazooka Squad
Construct Motor Pool
Selects M8 Scott SPG
M8 Scott SPG
M1919 Machine Gun Team
Construct Tank Depot
Construct Motor Pool
M24 Chaffee Light Tank
Engineer Squad
M24 Chaffee Light Tank
M1 Anti-tank Gun Team
Selects M4A3E8 Sherman Combat Group
M1919 Machine Gun Team
AI Takeover
Reakly
Zuntew
0
0

Comments sign in to comment!

No comments posted yet!